 Dungeon Crawl Stone Soup version 0.25.0-10-g039870ee82 (webtiles) character file.

Game seed: 8017590360090350485

525 Peloso the Slasher (level 7, 0/60 HPs)
             Began as a Minotaur Fighter on June 23, 2020.
             Was an Initiate of Okawaru.
             Slain by a wight
             ... wielding a cursed +4 halberd
              (1 damage)
             ... on level 6 of the Dungeon.
             The game lasted 00:05:21 (2835 turns).

Peloso the Slasher (Minotaur Fighter)               Turns: 2835, Time: 00:05:21

Health: 0/60       AC:  7    Str: 21    XL:     7   Next: 2%
Magic:  6/6        EV:  7    Int:  5    God:    Okawaru [......]
Gold:   108        SH:  9    Dex: 11    Spells: 6/6 levels left

rFire    . . .     SeeInvis .   a - +0 long sword
rCold    . . .     Gourm    .   c - +0 kite shield
rNeg     . . .     Faith    .   e - +0 scale mail
rPois    .         Spirit   .   (helmet restricted)
rElec    .         Reflect  .   (no cloak)
rCorr    .         Harm     .   (no gloves)
MR       .....                  (no boots)
Stlth    ..........             (no amulet)
HPRegen  0.20/turn              h - ring of flight
MPRegen  0.10/turn              (no ring)

@: heavily drained
A: retaliatory headbutt, horns 2
a: Renounce Religion, Evoke Flight


You were on level 6 of the Dungeon.
You worshipped Okawaru.
Okawaru was noncommittal.
You were not hungry.

You visited 2 branches of the dungeon, and saw 6 of its levels.

You collected 108 gold pieces.

Inventory:

Hand Weapons
 a - a +0 long sword (weapon)
 b - a +4 short sword
Armour
 c - a +0 kite shield (worn)
 e - a +0 scale mail (worn)
Jewellery
 h - a ring of flight (left hand)
Wands
 j - a wand of paralysis (8)
Scrolls
 i - a scroll of teleportation
Potions
 d - a potion of might
 g - a potion of mutation {unknown}
 k - 2 potions of cancellation {unknown}
 l - a potion of stabbing
 m - 2 potions of curing
Comestibles
 f - 5 rations


   Skills:
 + Level 4.9(3.2) Fighting
 + Level 5.8(4.1) Long Blades
 + Level 5.5(3.8) Armour
 + Level 1.5(0.1) Dodging
 + Level 0.6(0.0) Stealth
 + Level 5.3(3.7) Shields


You had 6 spell levels left.
You didn't know any spells.
Your spell library contained the following spells:

 Spells                   Type           Power        Failure   Level  Hunger
 Magic Dart               Conj           #...         99%         1    ##.....
 Searing Ray              Conj           #.....       100%        2    ###....
 Dazzling Flash           Conj/Hex       #.....       100%        3    ####...
 Fulminant Prism          Conj/Hex       #.........   100%        4    #####..
 Iskenderun's Mystic Bla  Conj/Tloc      #.......     100%        4    #####..


Dungeon Overview and Level Annotations

Branches:
Dungeon (7/15)             Temple (1/1) D:6

Altars:
Elyvilon
Fedhas
Hepliaklqana
Kikubaaqudgha
Okawaru
Sif Muna
Trog
Vehumet
Xom
The Shining One


Innate Abilities, Weirdness & Mutations

You reflexively headbutt those who attack you in melee.
You have a pair of horns on your head.


Message History

You hit the wight.
You destroy the wight!
Okawaru accepts your kill.
You have reached level 7!
The wight hits you from afar with a +3 halberd!
You feel drained. The wight barely misses you.
You see here 8 stones.
There is an open door here.
You closely miss the wight. The wight hits you with a +3 halberd!
You hit the wight but do no damage. You block the wight's attack.
The wight hits you from afar with a cursed +4 halberd!
* * * LOW HITPOINT WARNING * * *
You feel drained.
* * * LOW HITPOINT WARNING * * *
You barely miss the wight. The wight barely misses you.
You furiously retaliate!
You headbutt the wight.
The wight hits you from afar with a cursed +4 halberd!
* * * LOW HITPOINT WARNING * * *
You feel drained.
You die...

##.#.# #...# ##..# #.z#
##)# ###########.# #######
#.....z.zz.># ###
......####.#...z########.#
...........#(...@........#
...........#..).####+###.#
...........'....##.....#.#
......######.....#.#'#.#.#
......# #.....+.#>#.'.#
......# #....##.###.###
......# #.....#.(...#
####### #####.###'###
#.....#


You could see 2 wights.

Vanquished Creatures
  2 ogres
  A bullfrog (D:7)
  3 wights (D:6)
  Natasha (D:2)
  An iguana (D:4)
  A worker ant (D:4)
  3 adders
  An ooze (D:4)
  An adder skeleton (D:6)
  2 worms (D:2)
  A dart slug (D:1)
  7 orcs (D:4)
  A ball python (D:1)
  4 bats
  4 giant cockroaches
  9 goblins
  2 hobgoblins (D:1)
  4 jackals
  2 quokkas (D:6)
  A frilled lizard (D:2)
  5 kobolds
  A quokka skeleton (D:6)
  2 rats
59 creatures vanquished.

Notes
Turn   | Place    | Note
-------+----------+-------------------------------------------
     0 | D:1      | Peloso the Minotaur Fighter began the quest for the Orb.
     0 | D:1      | Reached XP level 1. HP: 19/19 MP: 0/0
   369 | D:1      | Reached XP level 2. HP: 26/27 MP: 1/1
   601 | D:1      | Reached XP level 3. HP: 33/33 MP: 2/2
  1391 | D:2      | Noticed Natasha
  1399 | D:2      | Killed Natasha
  1399 | D:2      | Reached XP level 4. HP: 29/40 MP: 3/3
  1506 | D:2      | You fall into a shaft and drop 2 floors!
  1876 | D:4      | Noticed an ogre
  1884 | D:4      | Reached XP level 5. HP: 24/46 MP: 4/4
  1887 | D:4      | Killed an ogre
  1887 | D:4      | Reached skill level 5 in Armour
  1887 | D:4      | Reached skill level 1 in Dodging
  2187 | D:4      | You fall into a shaft and drop 3 floors!
  2188 | D:7      | Noticed a vampire
  2192 | D:7      | Noticed an ogre
  2192 | D:7      | Noticed a phantom
  2198 | D:7      | Killed an ogre
  2198 | D:7      | Reached skill level 5 in Long Blades
  2198 | D:7      | Reached skill level 5 in Shields
  2198 | D:7      | Reached XP level 6. HP: 18/53 MP: 5/5
  2501 | D:6      | Found a staircase to the Ecumenical Temple.
  2509 | Temple   | Entered the Ecumenical Temple
  2637 | Temple   | Became a worshipper of Warmaster Okawaru
  2825 | D:6      | Reached XP level 7. HP: 44/60 MP: 6/6
  2835 | D:6      | HP: 1/60 [wight/cursed +4 halberd (7)]
  2835 | D:6      | Slain by a wight

Illustrated notes

Levels and vault maps discovered:
D:1:      wander_arrival_lonely_grave, layout_basic, serial_forest,
          infiniplex_forest_lined_corner, infiniplex_forest_lined_2,
          infiniplex_forest_clump_long, infiniplex_forest_lined_3,
          infiniplex_forest_zigzag_2, infiniplex_forest_lined_2,
          infiniplex_forest_straight_1
D:2:      layout_basic, chequers_serial_rivers_room_b, uniq_natasha
D:4:      layout_loops_cross, first_ration, wad_floor_pattern_untrapped
D:6:      layout_basic, gammafunk_temple_overflow_statue,
          minmay_temple_entry_glassed_door
D:7:      layout_basic, overflow_temple_1_default, st_stairs_1, uniq_pikel
Temple:   regret_index_temple_generic_petals

Skill      XL: |  1  2  3  4  5 |
---------------+----------------+-----
Armour         | 4 5 |  5.5
Shields        | 4 5 |  5.3
Fighting       | 4 |  4.9
Long Blades    | 3 4 5 |  5.8
Dodging        | 1 |  1.5
Stealth        | |  0.6

Action                   |  1- 3 |  4- 6 |  7- 9 || total
-------------------------+-------+-------+-------++-------
Melee: Long sword        |    76 |    69 |     3 ||   148
       Headbutt          |    10 |    17 |       ||    27
  Use: Potion            |     1 |     2 |       ||     3
       Scroll            |       |     3 |       ||     3
  Eat: Chunk             |     2 |     4 |       ||     6
Armor: Scale mail        |    33 |    16 |       ||    49
Dodge: Dodged            |    22 |    15 |     2 ||    39
Block: Kite shield       |    40 |    27 |     1 ||    68
       Rpst.: Long sword |     5 |     5 |       ||    10
